 Dungeon Crawl Stone Soup version 0.29-a0-320-g9f8742066b (webtiles) character file.

Game seed: 4331802547798051646

7 spaghetti the Sneak (level 2, -2/16 HPs)
             Began as a Vine Stalker Delver on Apr 2, 2022.
             Slain by an ice beast (10 damage)
             ... on level 5 of the Dungeon.
             The game lasted 00:00:58 (589 turns).

spaghetti the Sneak (Vine Stalker Delver)            Turns: 589, Time: 00:00:59

Health: -2/16      AC:  3    Str: 14    XL:     2   Next: 0%
Magic:  0/3        EV: 11    Int: 10    God:
Gold:   21         SH:  0    Dex: 15    Spells: 1/1 levels left

rFire   . . .      SeeInvis .     - Unarmed
rCold   . . .      Faith    .   (no shield)
rNeg    . . .      Spirit   +   a - +0 leather armour
rPois   .          Reflect  .   (no helmet)
rElec   .          Harm     .   (no cloak)
rCorr   .          Rampage  .   (no gloves)
Will    .....                   (no boots)
Stlth   +++.......              (no amulet)
HPRegen 0.05/turn               (no ring)
MPRegen 0.08/turn               (no ring)

@: no status effects
A: fangs 2, magic shield, antimagic bite, no potion heal 2
a: no special abilities


You were on level 5 of the Dungeon.
You visited 1 branch of the dungeon, and saw 3 of its levels.

You collected 21 gold pieces.


Innate Abilities, Weirdness & Mutations

You have extremely sharp teeth.
When hurt, damage is shared between your health and your magic reserves.
Your bite disrupts and absorbs the magic of your enemies.
Potions cannot restore your health.


   Skills:
 - Level 2.6 Fighting
 - Level 1.5 Dodging
 - Level 6.0 Stealth
 + Level 2.6 Unarmed Combat


You had one spell level left.
You didn't know any spells.
Your spell library was empty.

Inventory:

Hand Weapons
 h - a +0 trident {polearm}
   (You took it off an orc on level 5 of the Dungeon)
 k - a +0 spear {polearm}
   (You found it on level 5 of the Dungeon)
Missiles
 g - 20 stones (quivered) {throwing}
Armour
 a - a +0 leather armour (worn)
Wands
 f - a wand of digging (3)
Scrolls
 b - a scroll of fog
 c - a scroll of magic mapping {!r}
 d - a scroll of fear
 i - a scroll of vulnerability {unknown}
Potions
 e - a potion of haste {@q3}

Dungeon Overview and Level Annotations

Branches:
Dungeon (6/15)
 Temple: D:4-7

Altars:

Annotations:
D:5 exclusion: wraith

##
.....########.#.##
... .............###
.... #.#.###......#
.....##.#.###.###.##
..............###.#
....##.#.........# #
#.########### #.#
#@# #Y# #g# #g# #g#
... ... ...


You could see an ice beast, a gnoll shaman and 2 gnolls.


Message History

The stone hits you but does no damage.
You hit the kobold. The kobold completely misses you.
You hit the kobold.
You kill the kobold!
The kobold throws a stone.
The stone hits you. 😕 HP[-1]
You take 1 damage, and now have 9/11 hp.
Things that are here:
a +0 dagger {short}; 3 stones {throwing}; a kobold corpse You hit the kobold.
You kill the kobold!
An orc wizard comes into view. It is wielding a +0 dagger.
The orc wizard shouts!
The orc wizard moves out of view.
An orc comes into view. It is wielding a +0 trident.
Things that are here:
a +0 short sword {short}; a stone {throwing} An orc wizard comes into view.
It is wielding a +0 dagger.
The orc hits you with a +0 war axe. 😮 HP[-1] MP[-1]
You take 1 damage, and now have 8/11 hp.
You lost 1 mp, and now have 1/2 mp.
The orc wizard shouts!
You hit the orc. You bite the orc. You drain its power.
You feel invigorated.
The orc hits you with a +0 war axe. 😮 HP[-2]
You take 2 damage, and now have 6/11 hp.
Unknown command.
You completely miss the orc. Your bite misses the orc.
An orc comes into view. It is wielding a +0 hand axe.
The orc barely misses you.
The orc shouts!
You hit the orc but do no damage. Your bite misses the orc.
The orc hits you with a +0 war axe.
* * * LOW HITPOINT WARNING * * *
😱 HP[-5] MP[-1]
You take 5 damage, and now have 1/11 hp.
MASSIVE DAMAGE!! (PAUSE)
You lost 1 mp, and now have 0/2 mp.
As you read the scroll of fear, it crumbles to dust.
You assume a fearsome visage.
The orc looks frightened! x3
There is a stone staircase leading down here.
You climb downwards.
Level annotation: exclusion: wraith
There is a stone staircase leading up here.
Unknown command.
You start resting. 😱 HP[+1] MP[+2]
Your mp is fully restored (2).
Key pressed, stopping explore.
An ice beast comes into view. 😮 HP[+5]
You regained 5 hp, and now have 7/11 hp.
An ice beast is nearby!
An ice beast is nearby!
An ice beast is nearby! 😮 HP[+1]
You open the door.
There is an open door here.
As you close the door, it creaks loudly!
You open the door.
There is an open door here.
You close the door.
You now have 21 gold pieces (gained 9).
j - a red potion 😎 HP[+3]
Your hp is fully restored (11).
A dart slug comes into view.
The dart slug bites you but does no damage.
You hit the dart slug. You bite the dart slug.
You kill the dart slug!
You have reached level 2! 😎 HP[+5] MP[+1]
You now have 16 max hp (+5).
Your hp is fully restored (16).
Your mp is fully restored (3).
k - a +0 spear {polearm} An ice beast is nearby!
A gnoll shaman comes into view.
It is wielding a +0 whip. 2 gnolls come into view.
The gnoll shouts!
You hear a shout!
The gnoll shaman shouts!
A gnoll comes into view. It is wielding a +0 whip.
You hit the ice beast. You bite the ice beast. You drain its power.
The gnoll shaman calls upon its god to speed up the gnoll.
The gnoll seems to speed up.
The ice beast barely misses you.
You hear a shout!
You hit the ice beast but do no damage.
You punch the ice beast, but do no damage.
You bite the ice beast, but do no damage.
You hear a shout!
The ice beast hits you.
The ice beast freezes you. 😮 HP[-7] MP[-2]
You take 7 damage, and now have 9/16 hp.
MASSIVE DAMAGE!! (PAUSE)
You lost 2 mp, and now have 1/3 mp.
It was a potion of curing.
That felt strangely inert.
The ice beast hits you.
* * * LOW HITPOINT WARNING * * *
The ice beast freezes you!
Ouch! That really hurt!
You die...

Action                   || total
-------------------------++-------
Melee: Unarmed           ||    14
       Bite              ||     7
       Punch             ||     1
  Use: Scroll            ||     1
       Potion            ||     1
Armor: Leather armour    ||     2
Dodge: Dodged            ||     6

Levels and vault maps discovered:
D:4:      layout_rooms, serial_shops, nicolae_shop_bloodbath_and_beyond,
          nicolae_wormholes, uniq_grinder
D:5:      layout_loops_corners, lemuel_tele_altar, kennysheep_little_box,
          minmay_temple_entry_arrows
D:6:      layout_cave_pods, nicolae_shop_clearance

Notes
Turn   | Place    | Note
-------+----------+-------------------------------------------
     0 | D:5      | spaghetti the Vine Stalker Delver began the quest for the
                  | Orb.
     0 | D:5      | Reached XP level 1. HP: 11/11 MP: 2/2
     0 | D:5      | magus.rc [v1.9.6]
    12 | D:5      | Noticed a wraith
    30 | D:6      | Noticed a scorpion
   207 | D:4      | Noticed an orc wizard
   208 | D:4      | Noticed an orc wizard
   211 | D:4      | HP: 1/11 [orc/+0 war axe (5)]
   423 | D:5      | Noticed an ice beast
   549 | D:5      | Reached XP level 2. HP: 16/16 MP: 3/3
   589 | D:5      | Slain by an ice beast

Vanquished Creatures
  A dart slug (D:5)
  An orc (D:5)
  2 kobolds (D:4)
4 creatures vanquished.

Table legend:
 A = Non-vault XP
 B = Vault XP
 C = Vault XP percentage of total XP
 D = Non-vault monster count
 E = Vault monster count
 F = Vault count percentage of total count
                 A         B        C        D         E       F
            +---------+---------+-------+---------+---------+-------
      Total |      10 |       0 |   0.0 |       4 |       0 |   0.0
            +---------+---------+-------+---------+---------+-------
        D:4 |       3 |       0 |   0.0 |       2 |       0 |   0.0
        D:5 |       7 |       0 |   0.0 |       2 |       0 |   0.0
            +---------+---------+-------+---------+---------+-------

Illustrated notes

Table legend:
 A = Kills in this place as a percentage of kills in entire the game.
 B = Kills by you in this place as a percentage of kills by you in the entire game.
 C = Kills by friends in this place as a percentage of kills by friends in the entire game.
 D = Other kills in this place as a percentage of other kills in the entire game.
 E = Experience gained in this place as a percentage of experience gained in the entire game.
 F = Experience gained in this place divided by the number of levels of this place that you have seen.
                   A       B       C       D       E      F
               +-------+-------+-------+-------+-------+----------------------
         Total | 100.0 | 100.0 |   N/A |   N/A | 100.0 |   3.3
       Dungeon | 100.0 | 100.0 |   N/A |   N/A | 100.0 |   3.3
               +-------+-------+-------+-------+-------+----------------------

Table legend: (Time is in decaauts)
 A = Elapsed time spent in this place.
 B = Non-inter-level travel time spent in this place.
 C = Inter-level travel time spent in this place.
 D = Time resting spent in this place.
 E = Time spent auto-exploring this place.
 F = Levels seen in this place.
 G = Mean time per level.
                   A        B        C        D        E       F      G
               +--------+--------+--------+--------+--------+-----+--------+
         Total |    588 |    588 |      0 |     79 |    392 |   3 |  196.0 |
       Dungeon |    588 |    588 |      0 |     79 |    392 |   3 |  196.0 |
               +--------+--------+--------+--------+--------+-----+--------+

Top non-repeatable levels by time:
     D:5: 555 daAuts
     D:4: 18 daAuts
     D:6: 14 daAuts
